 Dungeon Crawl Stone Soup version 0.30.0-5-g1a98f26d00 (webtiles) character file.

Game seed: 13018376658533290077

46 jasper the Shooter (level 3, 0/18 HPs)
             Began as a Spriggan Hunter on May 11, 2023.
             Slain by an adder (4 damage)
             ... in a sewer.
             The game lasted 00:01:57 (1022 turns).

jasper the Shooter (Spriggan Hunter)                Turns: 1022, Time: 00:01:59

Health: 0/18       AC:  2    Str:  9    XL:     3   Next: 44%
Magic:  4/4        EV: 14    Int: 10    God:
Gold:   47         SH:  0    Dex: 18    Spells: 2/2 levels left

rFire   . . .        a - +0 shortbow
rCold   . . .        (shield currently unavailable)
rNeg    . . .        c - +0 robe
rPois   .            (helmet restricted)
rElec   .            (no cloak)
rCorr   .            (gloves unavailable)
SInv    +            (boots unavailable)
Will    .....        (no amulet)
Stlth   ++           (no ring)
HPRegen 0.23/turn    (no ring)
MPRegen 0.09/turn

%: no passive effects
@: constricted, very quick
A: very small, no large weapons, unfitting armour, see invisible, speed 3
a: no special abilities


You were in a sewer.
You visited 1 branch of the dungeon, and saw 4 of its levels.
You also visited: Sewer.

You collected 47 gold pieces.

Inventory:

Hand Weapons
 a - a +0 shortbow (weapon)
Armour
 c - a +0 robe (worn)
Scrolls
 b - 2 scrolls of immolation
 h - a scroll of teleportation
 i - a scroll of fear {unknown}
Potions
 d - 2 potions of flight
 f - a potion of degeneration {unknown}
 g - a potion of heal wounds {unknown}


   Skills:
 - Level 1.5 Fighting
 + Level 5.3 Ranged Weapons
 - Level 2.6 Dodging
 - Level 1.5 Stealth


You had 2 spell levels left.
You didn't know any spells.
Your spell library was empty.

Dungeon Overview and Level Annotations

Branches:
Dungeon (4/15)              Sewer (1/1)
 Temple: D:4-7

Altars:

Annotations:
D:4 exclusion: orc wizard


Innate Abilities, Weirdness & Mutations

You are very small and have problems with some larger weapons.
You are too small for most types of armour.
You have supernaturally acute eyesight. (SInv)
You cover ground extremely quickly. (Speed+++)


Message History

You feel sick.
You take 1 damage, and have 9/18 hp.
It was a potion of curing.
You feel better. The adder barely misses you. The ball python bites you.
The ball python completely misses you.
You regained 6 hp, and now have 15/18 hp.
You shoot an arrow. The arrow closely misses the adder.
The arrow closely misses the frilled lizard.
The adder closely misses you. The ball python misses you.
The ball python grabs you. The ball python constricts you.
The adder closely misses you. The ball python barely misses you.
The ball python constricts you.
You shoot an arrow.
The arrow barely misses the ball python.
The adder closely misses you. The frilled lizard closely misses you.
The ball python barely misses you. The ball python constricts you.
The frilled lizard bites you but does no damage.
The adder bites you.
You take 2 damage, and have 13/18 hp.
You shoot an arrow.
The arrow hits the ball python but does no damage.
The ball python misses you. The ball python constricts you.
The frilled lizard barely misses you. The frilled lizard closely misses you.
The adder closely misses you. The ball python barely misses you.
The ball python constricts you.
The frilled lizard bites you but does no damage.
The frilled lizard bites you.
You take 4 damage, and have 9/18 hp.
MASSIVE DAMAGE!!
You are too injured to fight recklessly!
Fire: a) +0 shortbow
Press: ? - help, Q - select action Shift-Dir - straight line, f - adder, p - ball python
Aim: an adder (moderately wounded, 46% to hit)
You shoot an arrow.
The arrow hits the adder but does no damage.
The adder is moderately wounded.
The adder bites you. The ball python bites you.
* * * LOW HITPOINT WARNING * * *
The ball python constricts you.
* * * LOW HITPOINT WARNING * * *
The adder bites you.
You die...

# #~~# #
##~†# #
#~~~# #
#~†## ##~~#
#~~~#
##~~##
##~ll#
###~~S@#
#~~.~S##
~.~~~~~~.##
~~~~~~~~##
~~.~~.###
#.∩.## ####


You could see an adder, a ball python and 2 frilled lizards.

Vanquished Creatures
  An adder (Sewer)
  A river rat (D:4)
  2 bats (D:3)
  5 endoplasms
  4 giant cockroaches
  A hobgoblin (D:3)
  3 quokkas
  2 ball pythons (Sewer)
  2 frilled lizards
  3 goblins
  A rat (D:3)
25 creatures vanquished.

Notes
Turn   | Place    | Note
-------+----------+-------------------------------------------
     0 | D:1      | jasper the Spriggan Hunter began the quest for the Orb.
     0 | D:1      | Reached XP level 1. HP: 10/10 MP: 2/2
   160 | D:3      | Reached XP level 2. HP: 14/14 MP: 3/3
   172 | D:3      | Found a faded altar of an unknown god.
   585 | D:4      | Found a glowing drain.
   589 | Sewer    | Entered a sewer
   836 | Sewer    | Reached skill level 5 in Ranged Weapons
   847 | Sewer    | Reached XP level 3. HP: 18/18 MP: 4/4
  1022 | Sewer    | Slain by an adder

Illustrated notes

Levels and vault maps discovered:
D:1:      saegor_arrival_simple_e, layout_rooms
D:2:      layout_basic, fountainhead, minmay_misc_feat_nine_boxes,
          kennysheep_nondescript
D:3:      layout_loops_ring, hellmonk_ecumenical_altar_pennies_from_heaven
D:4:      layout_layer_cave, led_sif_book, gup_sewer_entry_bowl
Sewer:    sewer_frog_island_02

Skill      XL: |  1  2 |
---------------+-------+-----
Ranged Weapons | 5 |  5.3
Fighting       | |  1.5
Dodging        | |  2.6
Stealth        | |  1.5

Action                     || total
---------------------------++-------
   Fire: Shortbow          ||    93
    Use: Scroll            ||     2
         Potion            ||     1
 Armour: Robe              ||     4
  Dodge: Dodged            ||    54
